 Dungeon Crawl Stone Soup version 0.24-a0-779-g36f0aeb843 (webtiles) character file.

Game seed: 8334165373607614729, levelgen mode: deterministic

1108 Gynju the Magician (level 8, -6/41 HPs)
             Began as a Deep Elf Fire Elementalist on Oct 8, 2019.
             Mangled by a centaur (9 damage)
             ... on level 5 of the Dungeon.
             The game lasted 00:09:09 (6757 turns).

Gynju the Magician (Deep Elf Fire Elementalist)     Turns: 6757, Time: 00:09:10

Health: -6/41      AC:  3    Str:  5    XL:     8   Next: 11%
Magic:  17/20      EV: 16    Int: 23    God:
Gold:   316        SH:  0    Dex: 15    Spells: 10/20 levels left

rFire    + . .     SeeInvis .   v - +1 long sword
rCold    x . .     Gourm    .   (no shield)
rNeg     . . .     Faith    .   a - +1 robe
rPois    .         Spirit   .   (no helmet)
rElec    .         Reflect  .   (no cloak)
rCorr    .         Harm     .   (no gloves)
MR       .....                  (no boots)
Stlth    ++........             f - amulet of rage
HPRegen  0.13/turn              m - ring of fire
MPRegen  0.17/turn              (no ring)

@: no status effects
A: no striking features
a: Evoke Berserk Rage


You were on level 5 of the Dungeon.
You were not hungry.

You visited 1 branch of the dungeon, and saw 5 of its levels.

You collected 316 gold pieces.

Inventory:

Hand Weapons
 v - a +1 long sword (weapon)
Missiles
 d - 26 poisoned darts (quivered)
Armour
 a - a +1 robe (worn)
Jewellery
 f - an amulet of rage (around neck)
 m - a ring of fire (left hand)
Wands
 j - a wand of iceblast (5)
 r - a wand of flame (11)
 u - a wand of acid (7)
Scrolls
 g - 4 scrolls of remove curse {@r2}
 h - a scroll of blinking
 o - 2 scrolls of enchant weapon
 q - 6 scrolls of teleportation {unknown}
 s - a scroll of immolation {unknown}
 y - 3 scrolls of identify {@r1}
Potions
 e - a potion of invisibility
 i - 2 potions of curing {@q1}
 k - 2 potions of brilliance
 l - a potion of mutation {unknown}
 n - a potion of flight {unknown}
 p - a potion of agility {unknown}
 t - a potion of heal wounds {unknown}
 w - a potion of ambrosia {unknown}
 x - a potion of might {unknown}
 z - a potion of berserk rage {unknown}
Comestibles
 b - 3 chunks of flesh
 c - 11 rations


   Skills:
 + Level 6.2 Dodging
 - Level 2.4 Stealth
 + Level 6.8 Spellcasting
 + Level 5.2 Conjurations
 + Level 6.2 Fire Magic


You had 10 spell levels left.
You knew the following spells:

 Your Spells              Type           Power        Failure   Level  Hunger
a - Flame Tongue          Conj/Fire      #####        1%          1    None
b - Throw Flame           Conj/Fire      ######       1%          2    None
c - Conjure Flame         Conj/Fire      ######..     2%          3    None
d - Iskenderun's Mystic   Conj           ####....     9%          4    ###....

Your spell library contained the following spells:

 Spells                   Type           Power        Failure   Level  Hunger
 Magic Dart               Conj           ####         1%          1    None
 Searing Ray              Conj           ####..       1%          2    None
 Inner Flame              Hex/Fire       ####....     7%          3    None
 Animate Skeleton         Necr           N/A          8%          1    None
 Apportation              Tloc           #.....       8%          1    None
 Confusing Touch          Hex            #.....       8%          1    None
 Summon Small Mammal      Summ           #...         8%          1    None
 Sticky Flame             Conj/Fire      ######..     8%          4    ###....
 Dazzling Spray           Conj/Hex       ###...       9%          3    None
 Fireball                 Conj/Fire      ######....   21%         5    #####..
 Force Lance              Conj/Tloc      ###.....     26%         4    ###....
 Fulminant Prism          Conj/Hex       ###.......   26%         4    ###....


Dungeon Overview and Level Annotations

Branches:
Dungeon (5/15)
 Temple: D:4-7

Altars:
Ashenzari
Gozag
Nemelex Xobeh
Okawaru
Qazlal


Message History

The centaur shoots an arrow.
The arrow hits you.
The centaur shoots an arrow.
The arrow hits you!
Casting: Flame Tongue (safe; 1% risk of failure)
Confirm with . or Enter, or press ? or * to list all spells.
Aiming: Flame Tongue (safe; 1% risk of failure)
Press: ? - help, Shift-Dir - straight line, f/p - centaur
Aim: a centaur, wielding a +0 shortbow (heavily wounded)
You feel a surge of power!
The flame tongue hits the centaur.
The centaur is heavily wounded.
The centaur shoots an arrow.
The arrow hits you!
* * * LOW HITPOINT WARNING * * *
Casting: Flame Tongue (safe; 1% risk of failure)
Confirm with . or Enter, or press ? or * to list all spells.
Aiming: Flame Tongue (safe; 1% risk of failure)
Press: ? - help, Shift-Dir - straight line, f/p - centaur
Aim: a centaur, wielding a +0 shortbow (heavily wounded)
You feel a surge of power!
The flame tongue hits the centaur.
The centaur is heavily wounded.
The centaur unwields a +0 shortbow.
The centaur hits you!
You die...

#.÷≈≈≈≈≈≈≈≈≈≈............... #
#..≈≈≈≈≈≈≈≈.P...............
#.##..≈≈≈≈≈≈≈.......##########
#....P≈≈≈≈≈≈≈P........
#.#....≈≈≈≈...........# #
##....≈≈PPP...#....#..
#...P(.......#.###...
.###)#.(.....# #.........?..@#
######...##...c.....#
#...............
#..............#
#...##>.........
#...##..........
#.####....##.... .. .....#
...#


You could see a centaur.

Vanquished Creatures
  Sigmund (D:3)
  2 phantoms (D:5)
  A centaur (D:5)
  A crimson imp (D:5)
  A centaur skeleton (D:4)
  5 orc wizards
  2 hounds
  Jessica (D:3)
  Natasha (thrice) (D:3)
  4 worker ants
  A hound zombie (D:5)
  A hound skeleton (D:5)
  2 worker ant zombies (D:5)
  7 adders
  4 oozes
  An adder skeleton (D:4)
  A worm (D:3)
  3 leopard geckos
  14 orcs
  4 bats
  3 giant cockroaches
  8 goblins
  7 hobgoblins
  11 jackals
  A quokka (D:2)
  2 ball pythons (D:1)
  8 frilled lizards
  7 kobolds
  5 rats
111 creatures vanquished.

Notes
Turn   | Place    | Note
-------+----------+-------------------------------------------
     0 | D:1      | Gynju the Deep Elf Fire Elementalist began the quest for
                  | the Orb.
     0 | D:1      | Reached XP level 1. HP: 10/10 MP: 6/6
   336 | D:1      | Reached XP level 2. HP: 10/15 MP: 4/8
   856 | D:1      | Reached XP level 3. HP: 19/19 MP: 5/10
  2262 | D:2      | Learned a level 2 spell: Throw Flame
  2266 | D:2      | Learned a level 3 spell: Conjure Flame
  2301 | D:3      | Reached XP level 4. HP: 24/24 MP: 3/11
  2593 | D:3      | Noticed Natasha
  2616 | D:3      | Reached XP level 5. HP: 28/28 MP: 10/13
  2882 | D:3      | Noticed Jessica
  3015 | D:3      | Killed Jessica
  3139 | D:3      | Noticed Sigmund
  3145 | D:3      | Killed Sigmund
  3145 | D:3      | Reached skill level 5 in Spellcasting
  3145 | D:3      | Reached XP level 6. HP: 32/32 MP: 8/15
  3807 | D:3      | Killed Natasha
  3807 | D:3      | Reached skill level 5 in Fire Magic
  4376 | D:3      | Noticed Natasha
  4387 | D:3      | Killed Natasha
  4444 | D:3      | Noticed Natasha
  4450 | D:3      | Killed Natasha
  4779 | D:4      | Found a shattered altar of Ashenzari.
  4872 | D:4      | Reached skill level 5 in Dodging
  4877 | D:4      | Reached XP level 7. HP: 29/36 MP: 11/17
  5003 | D:4      | Found an iron altar of Okawaru.
  5128 | D:4      | Found an opulent altar of Gozag.
  5129 | D:4      | Found a sparkling altar of Nemelex Xobeh.
  5723 | D:5      | Entered Level 5 of the Dungeon
  5968 | D:5      | Learned a level 4 spell: Iskenderun's Mystic Blast
  6175 | D:5      | Found a stormy altar of Qazlal.
  6273 | D:5      | Reached skill level 5 in Conjurations
  6273 | D:5      | Reached XP level 8. HP: 23/41 MP: 15/20
  6757 | D:5      | Mangled by a centaur

Levels and vault maps discovered:
D:1:      shiori_arrival_oz, layout_loops_corners, minmay_misc_feat_cross
D:2:      layout_loops_corners, grunt_ministairs_3
D:3:      cheibrodos_helix_gallery, layout_basic, dk_noncrumbling_2,
          uniq_jessica, uniq_natasha, uniq_sigmund
D:4:      layout_cave_pools, grunt_temple_overflow_opulence,
          ashenzari_conservatory_becter, palyth_stone_intersect,
          okawaru_altar_gauntlet_db
D:5:      layout_basic, nicolae_qazlal_general_emergency,
          minmay_temple_entry_butterflies, first_ration,
          hangedman_decor_diamond_cutter, guppyfry_early_lair_pool

Skill      XL: |  1  2  3  4  5  6  7 |
---------------+----------------------+-----
Dodging        | 3 4 5 6 |  6.2
Conjurations   | 2 3 4 5 |  5.2
Fire Magic     | 4 5 6 |  6.2
Spellcasting   | 4 5 6 |  6.8
Stealth        | |  2.4

Action                   |  1- 3 |  4- 6 |  7- 9 || total
-------------------------+-------+-------+-------++-------
Throw: Throwing net      |       |     1 |       ||     1
 Cast: Flame Tongue      |    64 |    84 |   108 ||   256
       Iskenderun's Myst |       |       |     3 ||     3
  Use: Scroll            |       |    10 |       ||    10
  Eat: Chunk             |     3 |     5 |     6 ||    14
       Ration            |       |     1 |       ||     1
Armor: Robe              |     3 |     2 |     9 ||    14
Dodge: Dodged            |    17 |    28 |    49 ||    94
       Rpst.: Long sword |       |     5 |    13 ||    18

Table legend:
 A = Non-vault XP
 B = Vault XP
 C = Vault XP percentage of total XP
 D = Non-vault monster count
 E = Vault monster count
 F = Vault count percentage of total count
                 A         B        C        D         E       F
            +---------+---------+-------+---------+---------+-------
      Total |    1231 |     352 |  22.2 |      95 |      16 |  14.4
            +---------+---------+-------+---------+---------+-------
        D:1 |      45 |       1 |   2.2 |      22 |       1 |   4.3
        D:2 |      22 |       2 |   8.3 |      11 |       1 |   8.3
        D:3 |     268 |     298 |  52.7 |      28 |       5 |  15.2
        D:4 |     259 |      12 |   4.4 |      16 |       6 |  27.3
        D:5 |     637 |      39 |   5.8 |      18 |       3 |  14.3
            +---------+---------+-------+---------+---------+-------
